 Dungeon Crawl Stone Soup version 0.27-a0-1532-gca18f49f40 (webtiles) character file.

Game seed: 16486579277777284772

5623 chunkyMonkey the Cleaver (level 11, -2/79 (80) HPs)
             Began as a Formicid Necromancer on July 12, 2021.
             Was a Plaything of Xom.
             Slain by a death knight (25 damage)
             ... on level 6 of the Dungeon.
             The game lasted 00:34:28 (7663 turns).

chunkyMonkey the Cleaver (Formicid Necromancer)     Turns: 7663, Time: 00:34:29

HP:   -2/79 (80)    AC: 11    Str: 15    XL:     11   Next: 3%
MP:   19/19         EV: 10    Int: 16    God:    Xom [..*...]
Gold: 328           SH:  9    Dex: 15    Spells: 12/21 levels left

rFire    . . .     SeeInvis +   n - +5 hand axe (drain)
rCold    . . .     Faith    .   I - +0 kite shield
rNeg     . . .     Spirit   .   k - +0 acid dragon scales
rPois    .         Reflect  .   (helmet unavailable)
rElec    .         Harm     .   (no cloak)
rCorr    +         Rampage  .   D - +2 pair of gloves of the Armoured One {Dex+4}
Will     +....                  h - +0 pair of boots
Stlth    +++.......             i - amulet of regeneration
HPRegen  1.23/turn              (no ring)
MPRegen  0.16/turn              (no ring)

@: radiating poison, lightly drained
A: permanent stasis, dig shafts and tunnels, antennae 3, four strong arms
a: Dig, Shaft Self, Renounce Religion


You were on level 6 of the Dungeon.
You worshipped Xom.
You were a toy of Xom.
You visited 2 branches of the dungeon, and saw 8 of its levels.
You also visited: Ossuary.

You collected 328 gold pieces.

Inventory:

Hand Weapons
 f - a +2 halberd of venom
 g - the +6 hand axe of Law {speed, *Slow rN+ Str+7 SInv}
   (You found it on level 6 of the Dungeon)

   Attacks with this weapon are significantly faster.
   Str:       It affects your strength (+7).
   rN:        It protects you from negative energy.
   SInv:      It lets you see invisible.
   *Slow:     It may slow you when you take damage.
 n - a +5 hand axe of draining (weapon)
Missiles
 p - 50 poisoned darts (quivered)
 G - 2 throwing nets
Armour
 h - a +0 pair of boots (worn)
 k - +0 acid dragon scales (worn)
 q - a +0 buckler
 s - a +2 scale mail of willpower
 D - the +2 pair of gloves of the Armoured One (worn) {Dex+4}
   (You found it on level 6 of the Dungeon)

   Dex:       It affects your dexterity (+4).
 I - a +0 kite shield (worn)
Magical Staves
 d - a staff of fire
Jewellery
 c - a ring of fire
 i - an amulet of regeneration (around neck)
Wands
 j - a wand of paralysis (12)
Scrolls
 a - 2 scrolls of fog
 o - 2 scrolls of enchant armour
 r - 3 scrolls of enchant weapon
 t - a scroll of vulnerability
 u - a scroll of magic mapping
 w - 2 scrolls of amnesia
 y - a scroll of holy word {unknown}
 C - a scroll of summoning {unknown}
 F - a scroll of identify
Potions
 b - 2 potions of might
 e - a potion of brilliance {unknown}
 l - 6 potions of degeneration {unknown}
 m - a potion of haste
 v - a potion of flight {unknown}
 x - a potion of berserk rage {unknown}
 z - 2 potions of invisibility {unknown}
 A - 2 potions of curing
 B - a potion of cancellation {unknown}
 E - a potion of mutation {unknown}
Miscellaneous
 H - a tin of tremorstones (2/2)


   Skills:
 - Level 5.2 Fighting
 * Level 11.2 Axes
 - Level 5.1 Armour
 - Level 2.0 Dodging
 - Level 5.1 Stealth
 - Level 4.5 Shields
 - Level 5.5 Spellcasting
 - Level 5.3 Necromancy


You had 12 spell levels left.
You knew the following spells:

 Your Spells              Type           Power      Damage    Failure   Level
a - Pain                  Necr           84%        1d8       6%          1
b - Animate Skeleton      Necr           42%        N/A       6%          1
c - Vampiric Draining     Necr           10%        2d7       17%         3
d - Animate Dead          Necr           10%        N/A       50%         4

Your spell library contained the following spells:

 Spells                   Type           Power      Damage    Failure   Level
 Magic Dart               Conj           16%        1d3       45%         1
 Call Imp                 Summ           4%         N/A       61%         2
 Ensorcelled Hibernation  Hex/Ice        8%         N/A       61%         2
 Mephitic Cloud           Conj/Pois/Air  4%         N/A       83%         3
 Spider Form              Tmut/Pois      2%         N/A       83%         3
 Agony                    Necr           21%        N/A       85%         5
 Shadow Creatures         Summ           N/A        N/A       100%        6
 Borgnjor's Revivificati  Necr           10%        N/A       100%        8
 Necromutation            Tmut/Necr      6%         N/A       100%        8
 Death's Door             Necr           10%        N/A       100%        9


Dungeon Overview and Level Annotations

Branches:
Dungeon (7/15)             Temple (1/1) D:4         Ossuary (visited)

Altars:
Ashenzari
Cheibriados
Elyvilon
Gozag
Hepliaklqana
Kikubaaqudgha
Nemelex Xobeh
Okawaru
Qazlal
Uskayaw
Wu Jian
Xom
Zin
The Shining One


Innate Abilities, Weirdness & Mutations

You cannot be hasted, slowed, berserked, paralysed or teleported.
You can dig through walls and to a lower floor.
You have a pair of large antennae on your head. (SInv)
Your four strong arms can wield two-handed weapons with a shield.


Message History

You closely miss the death knight.
The death knight hits you with a +0 battleaxe.
The death knight misses your butterfly.
The death knight completely misses your butterfly.
Unknown command.
You hit the death knight.
The death knight is lightly wounded.
The death knight reflects your damage back at you!
You block the death knight's attack.
The death knight completely misses your butterfly.
Unknown command.
You hit the death knight.
The death knight is lightly wounded.
The death knight reflects your damage back at you!
The death knight closely misses you.
The death knight hits your butterfly with a +0 battleaxe!
Your butterfly dies!
Unknown command.
Your acid dragon scales prevents you from hitting the death knight.
The death knight is lightly wounded.
You block the death knight's attack.
The death knight closely misses your butterfly.
Unknown command.
You barely miss the death knight.
The death knight is lightly wounded.
The death knight hits you with a +0 battleaxe!!
* * * LOW HITPOINT WARNING * * *
The death knight completely misses your butterfly.
Unknown command.
The death knight's dark mirror aura disappears.
Are you sure you want to shaft yourself?
The death knight hits you with a +0 battleaxe.
* * * LOW HITPOINT WARNING * * *
You begin to dig a shaft.
You continue digging a shaft.
Xom guffaws.
You begin to radiate toxic energy.
The death knight is poisoned.
You kill your butterfly!
The death knight hits you with a +0 battleaxe!!
You die...
Xom guffaws!

##### ####### #.........#
#.#.#.#.#.# #.........#
#.#.#.#.#.### #####
#...........# #...#
#.#.#.#.#...# #...#
########.....b...#.#
###...###........#.#.#.#...#
..........#####.@..........#
..........######.p.....###.#
..........#............# #.#
###...###<#.####.......###)##
#...# #.#............##<{.#
#...###.#.####.......##.).#
##......<...##.##.##.##...#####
#..####..#.##.##.##..>b.......
#..####).#.##...............#.


You could see a death knight (poisoned, ally target).

Vanquished Creatures
  A boulder beetle (D:7)
  Harold (D:7)
  Grinder (D:3)
  2 wyverns
  A wraith (D:7)
  Eustachio (D:5)
  Edmund (D:5)
  An acid dragon (D:6)
  2 water moccasins (D:7)
  An orc warrior (D:7)
  An ice beast (D:6)
  A hornet zombie (D:7)
  A sky beast (D:7)
  A necrophage (D:7)
  A black bear (D:7)
  5 centaurs
  3 bullfrogs
  2 gnoll sergeants
  5 scorpions
  2 wyvern skeletons (D:7)
  A killer bee (D:7)
  6 centaur zombies
  3 centaur skeletons
  A gnoll shaman (D:5)
  3 orc priests (D:7)
  4 hounds
  A human zombie (Ossuary)
  3 jellies
  5 iguanas
  A scorpion zombie (D:5)
  8 orc wizards
  An ogre zombie (Ossuary)
  7 mummies (Ossuary)
  13 gnolls
  A howler monkey skeleton (D:6)
  6 adders
  A shadow imp (D:7)
  3 adder zombies (Ossuary)
  2 worms
  A dart slug (D:1)
  26 orcs
  5 endoplasms
  3 giant cockroaches
  7 goblins
  3 hobgoblins
  7 kobolds
  A quokka (D:3)
  10 ball pythons
  3 bats
  2 frilled lizards
  A gnoll zombie (Ossuary)
  3 goblin zombies (Ossuary)
  6 hobgoblin zombies (Ossuary)
  3 kobold zombies (Ossuary)
  4 quokka zombies (Ossuary)
  A rat (D:2)
  4 rat zombies (Ossuary)
194 creatures vanquished.

Vanquished Creatures (collateral kills)
  An orc warrior (D:7)
  A bullfrog (D:6)
  A jelly (D:6)
  An orc priest (D:7)
4 creatures vanquished.

Vanquished Creatures (others)
  8 plants (D:7)
8 creatures vanquished.

Grand Total: 206 creatures vanquished

Notes
Turn   | Place    | Note
-------+----------+-------------------------------------------
     0 | D:1      | chunkyMonkey the Formicid Necromancer began the quest for
                  | the Orb.
     0 | D:1      | Reached XP level 1. HP: 13/13 MP: 3/3
   358 | D:1      | Reached XP level 2. HP: 15/20 MP: 0/5
   924 | D:1      | Reached skill level 1 in Fighting
   924 | D:1      | Reached skill level 1 in Armour
  1017 | D:1      | Learned a level 1 spell: Animate Skeleton
  1039 | D:1      | Reached XP level 3. HP: 26/26 MP: 3/6
  1680 | D:2      | Learned a level 3 spell: Vampiric Draining
  1733 | D:2      | Found a faded altar of an unknown god.
  2122 | D:3      | Reached XP level 4. HP: 32/32 MP: 8/8
  2336 | D:3      | Noticed Grinder
  2360 | D:3      | Killed Grinder
  2361 | D:3      | Reached skill level 1 in Axes
  2361 | D:3      | Reached XP level 5. HP: 22/39 MP: 8/10
  2361 | D:3      | Reached XP level 6. HP: 26/46 MP: 8/11
  2427 | D:3      | Reached skill level 2 in Axes
  2861 | D:3      | Reached XP level 7. HP: 50/52 MP: 9/12
  3197 | D:4      | Found a staircase to the Ecumenical Temple.
  3206 | D:4      | Identified a scroll of acquirement
  3211 | D:4      | Acquired a Necronomicon
  3450 | D:4      | Reached skill level 1 in Shields
  4015 | D:5      | Entered Level 5 of the Dungeon
  4051 | D:5      | Noticed Eustachio
  4078 | D:5      | Killed Eustachio
  4079 | D:5      | Reached XP level 8. HP: 47/59 MP: 10/14
  4315 | D:5      | Reached skill level 3 in Axes
  4766 | D:5      | Noticed Edmund
  4787 | D:5      | Killed Edmund
  4965 | D:6      | Reached skill level 5 in Necromancy
  5036 | D:6      | Found a sand-covered staircase.
  5041 | Ossuary  | Entered an ossuary
  5294 | Ossuary  | Reached skill level 5 in Spellcasting
  5308 | Ossuary  | Reached XP level 9. HP: 66/66 MP: 16/16
  5594 | D:6      | Reached skill level 4 in Axes
  5800 | D:6      | Reached skill level 5 in Fighting
  5800 | D:6      | Reached skill level 5 in Stealth
  5805 | D:6      | Reached skill level 5 in Armour
  5890 | D:6      | Identified the +2 pair of gloves of the Armoured One
                  | {Dex+4}
  5994 | D:6      | Identified the +6 hand axe of Law {speed, *Slow rN+ Str+7
                  | SInv}
  6266 | D:7      | Reached skill level 5 in Axes
  6324 | D:7      | Reached skill level 6 in Axes
  6432 | D:7      | Reached skill level 7 in Axes
  6432 | D:7      | Reached XP level 10. HP: 51/74 MP: 18/18
  6505 | D:7      | Noticed a boulder beetle
  6509 | D:7      | Reached skill level 8 in Axes
  6525 | D:7      | Killed a boulder beetle
  6526 | D:7      | Reached skill level 9 in Axes
  6576 | D:7      | Learned a level 4 spell: Animate Dead
  6586 | D:7      | Noticed Harold
  6605 | D:7      | Killed Harold
  6606 | D:7      | Reached skill level 10 in Axes
  6673 | Temple   | Entered the Ecumenical Temple
  7004 | Temple   | Became a worshipper of Xom of Bloodstained Whimsey
  7034 | D:4      | XOM: silly message
  7095 | D:7      | XOM: cast spell 'Summon Ice Beast'
  7128 | D:7      | XOM: divination: magic mapping
  7265 | D:7      | Noticed a death knight
  7267 | D:7      | Noticed a seven-headed hydra
  7268 | D:7      | Noticed a deep elf pyromancer
  7273 | D:7      | XOM: cast spell 'Statue Form'
  7394 | D:7      | XOM: noise
  7437 | D:7      | Reached skill level 11 in Axes
  7447 | D:7      | XOM: divination: detect creatures
  7454 | D:7      | Reached XP level 11. HP: 63/80 MP: 19/19
  7554 | D:7      | XOM: divination: detect items
  7648 | D:6      | XOM: butterfly on damage
  7663 | D:6      | XOM: cast spell 'Olgreb's Toxic Radiance'
  7663 | D:6      | Slain by a death knight

Illustrated notes

Levels and vault maps discovered:
D:1:      dpeg_arrival_pond, layout_basic, hangedman_decor_diamond_cutter,
          minmay_misc_feat_plants
D:2:      layout_rooms, ebering_ecumenical_altar_mist, kennysheep_another_room
D:3:      layout_basic, uniq_grinder
D:4:      layout_loops_ring, minmay_temple_entry_trees, lightli_minifort
D:5:      layout_loops_cross, uniq_edmund, uniq_eustachio
D:6:      layout_loops_ring, enter_ossuary_5, serial_glass, glass_columns_c,
          glass_columns_a, glass_columns_a, glass_columns_c, glass_columns_a,
          glass_columns_c, glass_columns_a, glass_columns_c, grunt_potential
D:7:      nzn_winding_woodlands_stair_cross
          [nzn_winding_woodlands_5x15_pathside_ponds,
          nzn_winding_woodlands_center_triple_pond,
          nzn_winding_woodlands_5x15_split_checker,
          nzn_winding_woodlands_hourglass, nzn_winding_woodlands_5x5_default,
          nzn_winding_woodlands_5x15_eye, nzn_winding_woodlands_center_garden,
          nzn_winding_woodlands_5x15_parted], layout_gridville,
          lemuel_tele_altar, st_stairs_9, uniq_harold
Temple:   minmay_temple_curvy_branch

Skill      XL: |  1  2  3  4  5  6  7  8  9 10 |
---------------+-------------------------------+-----
Fighting       | 1 2 3 4 5 |  5.2
Armour         | 1 2 3 4 5 |  5.1
Dodging        | 2 |  2.0
Stealth        | 3 4 5 |  5.1
Axes           | 1 2 3 7 11 | 11.2
Spellcasting   | 3 4 5 |  5.5
Shields        | 2 3 4 |  4.5
Necromancy     | 5 |  5.3

Action                   |  1- 3 |  4- 6 |  7- 9 | 10-12 || total
-------------------------+-------+-------+-------+-------++-------
Melee: Unarmed           |     1 |       |       |       ||     1
       Whip              |    11 |       |       |       ||    11
       Hand axe          |    17 |    68 |   452 |   148 ||   685
       Halberd           |       |       |       |     9 ||     9
Throw: Stone             |     3 |       |       |       ||     3
       Dart              |       |     2 |       |       ||     2
 Cast: Pain              |    46 |     6 |     4 |       ||    56
       Animate Skeleton  |    12 |     5 |    20 |     4 ||    41
       Vampiric Draining |       |     4 |     3 |       ||     7
       Animate Dead      |       |       |       |     2 ||     2
 Abil: Dig               |       |       |     8 |       ||     8
       Shaft Self        |       |       |       |     1 ||     1
  Use: Potion            |       |     2 |       |       ||     2
       Scroll            |       |       |    13 |       ||    13
 Stab: Sleeping          |     2 |     1 |       |     3 ||     6
       Distracted        |       |       |     3 |     1 ||     4
Armor: Robe              |     3 |     3 |       |       ||     6
       Leather armour    |       |     8 |       |       ||     8
       Scale mail        |       |       |   182 |       ||   182
       Acid dragon scale |       |       |    46 |    52 ||    98
Dodge: Dodged            |    17 |    43 |   186 |    74 ||   320
Block: Buckler           |       |       |    97 |    29 ||   126
       Kite shield       |       |       |       |    26 ||    26

Table legend: (Time is in decaauts)
 A = Elapsed time spent in this place.
 B = Non-inter-level travel time spent in this place.
 C = Inter-level travel time spent in this place.
 D = Time resting spent in this place.
 E = Time spent auto-exploring this place.
 F = Levels seen in this place.
 G = Mean time per level.
                   A        B        C        D        E       F      G
               +--------+--------+--------+--------+--------+-----+--------+
         Total |   7694 |   7358 |    336 |    972 |   4060 |   9 |  854.9 |
       Dungeon |   6851 |   6536 |    315 |    933 |   3611 |   7 |  978.7 |
        Temple |    353 |    332 |     21 |      0 |    247 |   1 |  353.0 |
       Ossuary |    489 |    489 |      0 |     39 |    202 |   1 |  489.0 |
               +--------+--------+--------+--------+--------+-----+--------+

Top non-repeatable levels by time:
     D:1: 1557 daAuts
     D:4: 1016 daAuts
     D:6: 1002 daAuts
     D:5: 957 daAuts
     D:3: 944 daAuts
     D:7: 812 daAuts
     D:2: 561 daAuts
 Ossuary: 489 daAuts
  Temple: 353 daAuts
